Map: Terrazas hostiles

Players

MrFercho - Winner!

  • Race: Zerg Zerg
  • Spawn Location: 7:00

tigro - Winner!

  • Race: Terran Terran
  • Spawn Location: 6:00

IA (Difícil)

  • Race: Zerg Zerg
  • Spawn Location: 12:00

IA (Difícil)

  • Race: Terran Terran
  • Spawn Location: 12:00

IA (Difícil)

  • Race: Zerg Zerg
  • Spawn Location: 1:00

IA (Difícil)

  • Race: Protoss Protoss
  • Spawn Location: 6:00

IA (Difícil)

  • Race: Protoss Protoss
  • Spawn Location: 5:00

IA (Difícil)

  • Race: Zerg Zerg
  • Spawn Location: 11:00

VOD

Have the link to the VOD?

Description

Time

  • Played on: March 29, 2020, 8:21 p.m.
  • Length: 43:40
Show
View Real Time Build Order
Export as new Build Order

MrFercho Zerg - Winner!

Build Orders: Pool First 

Get SALT Encoding   

  12  0:04  Drone  
  13  0:14  Drone  
  13  0:18  Overlord  
  14  0:31  Extractor  
  13  0:40  Spawning Pool  
  12  0:44  Drone  
  12  0:46  Drone  
  14  0:56  Drone  
  15  1:04  Overlord  
  15  1:25  Evolution Chamber  
  15  1:28  Zergling x2  
  15  1:29  Zergling x2  
  16  1:39  Zergling x2  
  17  1:51  Metabolic Boost  
  17  1:59  Extractor  
  16  2:04  Zergling x6  
  19  2:16  Lair  
  19  2:41  Drone x3  
  16  3:40  Drone x3  
  19  4:03  Hatchery  
  19  4:07  Extractor  
  17  4:10  Extractor, Queen  
  17  4:14  Zergling x4  
  20  4:42  Drone x3  
  20  4:45  Hatchery  
  22  4:50  Extractor  
  21  4:53  Extractor  
  20  5:07  Drone x2  
  22  5:24  Infestation Pit  
  21  5:32  Hydralisk Den  
  20  5:38  Hydralisk Den  
  19  5:50  Spire  
  19  5:52  Drone  
  19  5:53  Drone  
  20  6:13  Drone  
  20  6:14  Drone x3  
  24  6:36  Drone x2  
  26  6:40  Drone x3  
  26  6:43  Drone  
  30  7:08  Hive  
  30  7:36  Drone x3  
  30  7:37  Drone x6  
  39  8:28  Lurker Den  
  38  8:38  Ultralisk Cavern  
  37  8:42  Overlord x3  
  37  8:43  Overlord x3, Ultralisk Cavern  
  37  8:47  Overlord x4  
  37  8:48  Overlord  
  36  9:16  Spire  
  35  9:29  Baneling Nest  
  34  9:32  Adaptive Talons  
  34  9:36  Roach Warren  
  34  9:38  Zerg Melee Weapons Level 1  
  33  9:40  Adrenal Glands  
  33  9:42  Grooved Spines  
  33  9:43  Muscular Augments  
  33  9:50  Greater Spire  
  33  9:55  Drone x2  
  33  9:56  Drone  
  36  10:19  Drone x5  
  36  10:20  Drone  
  42  10:29  Seismic Spines  
  40  10:47  Hydralisk x3  
  40  10:49  Zergling x12  
  52  11:06  Pneumatized Carapace  
  52  11:09  Burrow  
  52  11:15  Glial Reconstitution  
  52  11:42  Lurker  
  52  11:43  Lurker x2  
  55  11:54  Greater Spire  
  55  11:56  Zerg Flyer Weapons Level 1  
  55  12:00  Zerg Missile Weapons Level 1  
  55  12:14  Centrifical Hooks  
  55  12:19  Chitinous Plating, Anabolic Synthesis  
  55  12:22  Drone x3  
  58  12:23  Drone x7  
  58  12:24  Drone x2  
  67  12:33  Tunneling Claws  
  67  13:07  Queen  
  67  13:11  Queen  
  71  13:30  Hatchery  
  70  13:34  Hatchery  
  70  13:35  Overseer  
  70  13:38  Overseer  
  69  13:44  Hatchery  
  68  13:54  Zerg Ground Armor Level 1  
  68  14:23  Drone  
  68  14:24  Drone x5  
  71  14:25  Overlord x4  
  71  14:26  Overlord x2  
  68  15:50  Evolution Chamber x2  
  66  16:03  Spore Crawler  
  65  16:14  Ultralisk x2  
  65  16:15  Mutalisk  
  65  16:16  Mutalisk x2  
  65  16:17  Hydralisk x4  
  91  16:19  Corruptor x3  
  91  16:21  Roach x2  
  91  16:22  Roach x2  
  91  16:23  Roach  
  91  16:25  Zergling x2  
  108  17:20  Hatchery  
  107  17:25  Extractor  
  107  17:29  Extractor  
  105  17:36  Drone x3  
  108  17:37  Drone x2  
  108  17:38  Drone x2  
  108  17:39  Drone x2  
  108  17:41  Overlord x3  
  114  17:56  Zerg Missile Weapons Level 2, Zerg Melee Weapons Level 2  
  114  17:57  Zerg Ground Armor Level 2  
  114  18:01  Neural Parasite  
  113  19:20  Unknown  
  113  19:43  Roach x2  
  113  19:44  Roach x2  
  121  19:45  Zergling x2  
  121  19:46  Zergling x8  
  121  19:49  Ultralisk x2  
  121  19:52  Zergling x6  
  141  19:53  Zergling x8  
  145  20:34  Drone  
  145  20:35  Drone x2  
  146  22:28  Drone x3  
  149  22:39  Hydralisk x4  
  149  22:40  Hydralisk  
  149  22:42  Hydralisk  
  149  22:43  Hydralisk, Mutalisk  
  149  22:44  Mutalisk x6  
  163  22:45  Corruptor x2  
  163  22:46  Corruptor x2  
  185  22:55  Ultralisk x2  
  185  22:58  Hatchery  
  196  23:00  Extractor x2  
  197  23:40  Zerg Flyer Weapons Level 2  
  197  23:41  Zerg Flyer Armor Level 1  
  197  23:45  Zerg Melee Weapons Level 3  
  197  23:46  Zerg Missile Weapons Level 3, Zerg Ground Armor Level 3  
  197  24:06  Overseer  
  197  24:07  Overseer x2  
  197  24:08  Overseer  
  197  24:09  Overseer  
  197  24:13  Overlord x4  
  197  24:15  Overlord x4  
  197  24:16  Overlord  
  155  30:15  Roach x5  
  155  30:16  Ultralisk x2  
  155  30:17  Corruptor x5  
  155  30:18  Corruptor x6  
  193  31:15  Brood Lord x4  
  191  32:19  Zergling x8  
  191  32:20  Zergling x12  
  191  32:21  Zergling x2  
  190  34:19  Baneling x5  
  190  34:20  Baneling x6  
  190  34:21  Baneling x5  
  190  34:22  Baneling x6  
  188  34:31  Hydralisk x3  
  188  34:32  Hydralisk x3  
  181  37:30  Drone x5  
  181  37:31  Drone  
  181  37:33  Zergling x2  
  181  37:34  Zergling x12  
  181  37:35  Zergling x10  
  181  37:36  Zergling x2  
  199  40:53  Overseer x3  
  199  40:54  Overseer  
  199  42:54  Spine Crawler  
  199  42:55  Spine Crawler  
  199  42:58  Spine Crawler  
Show
View Real Time Build Order
Export as new Build Order

tigro Terran - Winner!

Build Orders:  

Get SALT Encoding   

  12  0:07  SCV  
  13  0:19  SCV  
  14  0:31  SCV  
  14  0:33  Supply Depot  
  15  0:47  Refinery  
  15  0:52  Refinery  
  15  0:55  SCV  
  16  1:07  SCV  
  17  1:12  Barracks  
  17  1:20  SCV  
  18  1:32  SCV  
  19  1:44  SCV  
  19  1:45  Supply Depot  
  20  1:56  SCV  
  21  2:03  Marine  
  22  2:12  Barracks  
  22  2:21  Marine  
  23  2:34  Engineering Bay  
  23  2:38  Marine  
  24  2:56  Marine  
  25  3:00  Barracks Tech Lab  
  25  3:14  Marine  
  26  3:27  Command Center  
  26  3:31  Combat Shield  
  26  3:37  Barracks Tech Lab  
  26  3:39  Marauder  
  28  3:50  Orbital Command  
  28  3:52  Terran Infantry Weapons Level 1  
  28  4:01  Marauder  
  30  4:16  SCV  
  31  4:19  Refinery  
  31  4:28  SCV  
  32  4:47  Planetary Fortress  
  32  4:48  Refinery  
  32  4:50  Stimpack  
  32  5:26  Supply Depot  
  32  5:29  SCV  
  33  5:41  SCV  
  34  5:46  Terran Infantry Armor Level 1, Marine  
  34  5:49  Marine  
  36  5:52  Factory  
  36  5:53  SCV  
  37  6:04  Marine  
  37  6:05  SCV  
  37  6:07  Marine  
  40  6:17  SCV  
  41  6:22  Marine  
  42  6:30  Concussive Shells  
  42  6:40  Marine  
  43  6:50  Factory Tech Lab  
  43  6:57  Marine  
  44  7:02  Armory  
  44  7:14  SCV  
  45  7:27  SCV  
  46  7:40  Neosteel Armor  
  46  7:47  Infernal Pre-Igniter  
  46  7:53  Terran Vehicle And Ship Armor Level 1  
  46  7:55  Factory  
  39  9:06  Mag-Field Accelerator  
  39  9:14  Marine  
  40  9:18  Marauder  
  40  9:21  Hi-Sec Auto Tracking  
  40  9:23  Siege Tank  
  45  9:26  Factory Tech Lab  
  45  9:32  Marine  
  45  9:38  Starport  
  46  9:39  Marauder  
  48  9:47  Terran Vehicle Weapons Level 1  
  48  9:49  Marine  
  49  10:01  Marauder  
  51  10:07  Marine  
  52  10:16  Starport  
  52  10:17  Terran Infantry Weapons Level 2  
  51  10:22  Marauder  
  51  10:25  Marine  
  39  10:44  Marauder  
  42  11:32  SCV  
  42  11:41  Terran Ship Weapons Level 1  
  42  11:44  Marauder, SCV  
  42  11:46  Marine  
  46  11:48  Missile Turret  
  46  11:56  SCV  
  47  12:04  Marine  
  47  12:05  Marauder, Missile Turret  
  50  12:08  SCV  
  51  12:21  SCV  
  51  12:22  Marine, Fusion Core  
  53  12:23  Drilling Claws  
  53  12:27  Marauder, Medivac  
  53  12:29  Starport Tech Lab  
  57  12:33  Terran Infantry Armor Level 2  
  57  12:40  Marine  
  58  12:48  Marauder  
  58  12:50  Missile Turret  
  60  12:58  Marine  
  61  13:09  Marauder, Thor  
  69  13:15  Starport Tech Lab  
  69  13:32  Siege Tank  
  72  13:35  Terran Vehicle And Ship Armor Level 2  
  72  13:42  Smart Servos  
  72  13:47  Supply Depot  
  72  13:48  Battlecruiser  
  72  13:52  Weapon Refit  
  78  14:09  Battlecruiser  
  84  14:12  Missile Turret  
  66  15:32  Rapid Reignition System  
  66  15:37  Medivac  
  66  15:38  Command Center  
  66  15:40  Battlecruiser  
  74  15:43  Marine  
  75  15:50  Terran Vehicle Weapons Level 2  
  75  16:01  Marine  
  76  16:11  Refinery  
  76  16:19  Marine, Refinery  
  76  16:22  Refinery  
  76  16:23  Corvid Reactor  
  77  16:28  Refinery  
  77  16:29  Advanced Ballistics  
  77  16:37  Marine  
  78  16:42  Battlecruiser  
  78  16:45  Marine  
  85  16:49  Thor  
  85  16:53  Terran Infantry Armor Level 3  
  91  16:55  Marine  
  92  17:03  Marine  
  93  17:21  Marine  
  94  17:37  Planetary Fortress, Missile Turret  
  94  17:39  Marine  
  94  17:41  Cloaking Field  
  95  17:57  Marine  
  96  18:06  Terran Ship Weapons Level 2  
  96  18:25  Missile Turret  
  76  19:00  Hyperflight Rotors  
  70  20:22  Terran Vehicle And Ship Armor Level 3  
  70  22:41  Battlecruiser  
  70  22:44  Battlecruiser  
  82  22:46  Command Center  
  82  22:47  Refinery  
  82  22:55  Refinery  
  82  23:45  Battlecruiser  
  94  23:50  Medivac  
  90  23:57  Thor  
  90  24:00  Thor  
  102  24:04  Marauder  
  102  24:07  Marine  
  105  24:16  Planetary Fortress  
  105  24:21  Battlecruiser  
  105  24:24  Marine, Missile Turret  
  111  24:25  Marauder  
  114  24:42  Marine  
  114  24:45  Missile Turret  
  115  25:00  Marine  
  115  25:06  Terran Ship Weapons Level 3  
  116  26:00  Supply Depot  
  116  26:21  Marine, Battlecruiser  
  123  27:02  Supply Depot  
  123  27:24  Marauder, Battlecruiser  
  123  27:28  Marauder  
  129  27:33  Battlecruiser  
  132  27:43  Terran Vehicle Weapons Level 3  
  132  28:50  Marine  
  132  28:55  Marauder  
  131  29:08  Marine  
  132  30:00  Marauder, Marine  
  132  30:03  Battlecruiser  
  107  30:18  Marine  
  107  30:21  Marine  
  106  30:38  Marine  
  107  31:07  Battlecruiser  
  113  32:11  Battlecruiser  
  118  34:40  Battlecruiser  
  118  34:42  Supply Depot, Battlecruiser  
  127  35:44  Battlecruiser  
  127  35:47  Battlecruiser  
  137  36:48  Battlecruiser  
  137  36:51  Battlecruiser  
  149  37:53  Battlecruiser  
  155  41:51  Refinery  
  155  42:48  Refinery  
Show
View Real Time Build Order
Export as new Build Order

IA (Difícil) Zerg 

Build Orders: 1 Base Baneling Bust, Pool First 

Get SALT Encoding   

  12  0:01  Drone  
  13  0:12  Overlord  
  13  0:18  Drone  
  14  0:30  Drone  
  14  0:32  Drone  
  16  0:44  Spawning Pool  
  16  0:46  Drone  
  16  0:50  Drone  
  16  0:54  Extractor  
  16  0:56  Drone  
  17  1:06  Overlord  
  17  1:31  Zergling x2  
  17  1:32  Queen  
  20  1:38  Drone  
  21  1:40  Roach Warren  
  21  1:41  Extractor  
  21  1:44  Zergling x2  
  20  1:49  Drone  
  21  2:00  Drone  
  22  2:13  Drone  
  23  2:21  Overlord  
  23  2:32  Drone  
  24  2:39  Roach  
  24  2:44  Overlord  
  26  2:52  Roach  
  26  2:58  Drone  
  29  3:02  Drone  
  30  3:06  Roach  
  30  3:18  Zergling x2  
  30  3:19  Overlord  
  31  3:26  Drone  
  32  3:32  Zergling x2  
  32  3:34  Baneling Nest  
  32  3:37  Drone  
  32  3:40  Evolution Chamber  
  32  3:46  Drone, Roach  
  36  3:48  Drone  
  36  3:50  Drone  
  37  4:00  Drone  
  36  4:11  Zergling x2  
  36  4:14  Drone  
  40  4:24  Roach  
  40  4:38  Zergling x2  
  40  4:53  Zergling x2  
  40  5:19  Zergling x2, Drone  
  39  5:29  Queen  
  39  5:33  Zergling x2  
  38  5:46  Zergling x2, Drone  
  37  5:50  Zergling x2  
  37  5:54  Roach  
  33  5:57  Roach  
  33  6:01  Zergling x2  
  28  6:05  Zergling x2  
  28  6:06  Drone  
  28  6:07  Zerg Melee Weapons Level 1  
  28  6:08  Drone  
  28  6:09  Zergling x2  
  28  6:17  Drone  
  25  6:21  Lair, Evolution Chamber  
  21  6:28  Roach  
  22  6:39  Roach  
  22  6:46  Zerg Ground Armor Level 1  
  22  6:49  Roach  
  24  7:00  Drone  
  25  7:05  Ravager  
  25  7:06  Ravager  
  27  7:10  Roach  
  27  7:13  Hatchery  
  28  7:19  Queen  
  28  7:21  Drone  
  31  7:24  Hydralisk Den  
  30  7:32  Drone  
  29  7:43  Zergling x2  
  22  7:53  Zergling x2  
  23  8:04  Zergling x2  
  23  8:14  Queen  
  23  8:15  Zergling x2  
  23  8:24  Roach  
  23  8:25  Drone  
  25  8:28  Hydralisk  
  25  8:32  Roach  
  28  8:35  Zergling x2  
  28  8:39  Drone  
  26  8:46  Drone  
  26  8:50  Drone  
  25  8:57  Drone  
  25  9:01  Drone  
  22  9:08  Roach  
  22  9:11  Drone  
  20  9:34  Drone  
  20  9:38  Drone  
  22  9:42  Hatchery  
  22  9:44  Drone  
  20  9:53  Queen  
  20  9:57  Drone  
  22  10:01  Zergling x2  
  23  10:11  Roach  
  25  10:22  Roach  
  27  10:32  Lair  
  27  10:33  Roach  
  29  10:44  Zergling x2  
  30  10:53  Pneumatized Carapace  
  30  10:54  Drone, Hydralisk  
  33  11:16  Drone  
  34  11:20  Drone  
  34  11:24  Drone  
  36  11:26  Drone  
  36  11:31  Drone  
  36  11:32  Spire  
  37  11:34  Drone  
  37  11:36  Overseer  
  38  11:40  Overseer  
  38  11:51  Hydralisk  
  40  11:56  Hydralisk  
  42  12:01  Hydralisk  
  42  12:07  Hydralisk  
  45  12:12  Hydralisk  
  46  12:17  Zergling x2  
  46  12:20  Hydralisk  
  41  12:25  Zergling x2, Overlord  
  41  12:28  Zergling x2  
  43  12:32  Zergling x2  
  43  12:36  Zergling x2  
  45  12:40  Roach  
  45  12:44  Zergling x2  
  43  12:47  Hydralisk  
  43  12:50  Hatchery  
  39  12:54  Zergling x2  
  31  13:01  Mutalisk  
  32  13:08  Mutalisk  
  24  13:15  Drone  
  21  13:24  Drone  
  19  13:32  Drone  
  18  13:41  Drone  
  9  14:37  Drone  
  6  14:40  Drone x2  
  6  14:41  Drone  
  1  15:37  Drone  
  1  16:25  Drone  
  2  16:57  Drone  
Show
View Real Time Build Order
Export as new Build Order

IA (Difícil) Terran 

Build Orders:  

Get SALT Encoding   

  12  0:01  SCV  
  13  0:13  SCV  
  14  0:20  Supply Depot  
  14  0:25  SCV  
  15  0:41  SCV  
  16  0:45  Barracks  
  16  0:50  Refinery  
  16  0:53  SCV  
  17  1:06  SCV  
  18  1:18  SCV  
  19  1:23  Supply Depot  
  19  1:30  SCV  
  19  1:32  Marine  
  21  1:44  Barracks, Orbital Command  
  21  1:50  Marine  
  21  1:52  Refinery  
  22  2:08  Barracks Tech Lab  
  22  2:11  Supply Depot  
  22  2:26  Marine  
  23  2:32  Marine  
  24  2:44  Marine  
  24  2:50  Supply Depot, Marine  
  26  2:59  SCV  
  26  3:02  Marauder  
  29  3:07  Marine  
  29  3:11  SCV  
  29  3:12  Engineering Bay  
  31  3:23  SCV  
  31  3:24  Marauder  
  31  3:25  Marine  
  35  3:28  Supply Depot  
  35  3:35  SCV  
  33  3:43  Marine  
  33  3:44  Marine  
  33  3:47  SCV  
  32  4:00  SCV  
  32  4:01  Marine  
  32  4:02  Marine  
  35  4:19  Marine  
  35  4:21  Marauder  
  38  4:36  Marine  
  39  4:41  Marine  
  40  4:54  Marine  
  40  4:59  Marine  
  42  5:06  Stimpack  
  42  5:07  Terran Infantry Weapons Level 1  
  42  5:08  Factory  
  42  5:12  Marine, Factory  
  43  5:18  Marauder  
  45  5:24  Supply Depot  
  45  5:31  Barracks Tech Lab  
  44  5:39  Marauder  
  46  5:46  Ghost Academy  
  44  5:50  Combat Shield  
  44  5:52  Marauder  
  44  5:54  Command Center  
  44  5:55  Factory Tech Lab  
  44  5:56  Factory Tech Lab  
  44  6:00  Marine  
  35  6:12  Marine  
  35  6:17  Hellion  
  35  6:18  Marine  
  33  6:21  Hellion  
  31  6:27  Starport  
  31  6:30  Marine  
  28  6:35  Marine, SCV  
  28  6:39  Hellion  
  26  6:48  Hellion, Ghost  
  26  6:54  Marauder  
  27  7:08  Starport  
  22  7:15  Marine, SCV  
  23  7:17  SCV  
  23  7:26  Marine  
  23  7:27  SCV  
  21  7:34  SCV  
  22  7:39  Marine  
  23  7:44  Marine  
  24  7:55  SCV  
  24  7:56  Marine  
  25  8:02  Marine  
  23  8:11  SCV  
  22  8:14  Marine  
  22  8:16  SCV  
  16  8:28  SCV  
  16  8:40  SCV  
  10  9:29  SCV  
  11  9:41  SCV  
  13  9:53  SCV  
  13  10:00  Barracks  
  13  10:05  SCV  
  14  10:17  SCV  
  15  10:27  Supply Depot  
  15  10:35  Refinery  
  15  10:40  SCV  
  17  10:57  SCV  
  17  10:58  Supply Depot  
  17  11:09  Marine, SCV  
  17  11:21  SCV  
Show
View Real Time Build Order
Export as new Build Order

IA (Difícil) Zerg 

Build Orders: Hatch First 

Get SALT Encoding   

  12  0:01  Drone  
  13  0:12  Overlord  
  13  0:18  Drone  
  14  0:31  Drone  
  14  0:32  Drone  
  14  0:34  Drone  
  17  0:53  Hatchery  
  17  0:57  Drone  
  17  1:14  Spawning Pool, Drone  
  17  1:17  Drone  
  18  1:19  Extractor  
  18  1:22  Drone  
  18  1:30  Overlord  
  18  1:38  Drone  
  19  2:01  Queen  
  19  2:03  Zergling x2  
  19  2:04  Zergling x2  
  19  2:05  Drone  
  19  2:06  Roach Warren  
  19  2:07  Extractor  
  22  2:13  Drone  
  23  2:24  Baneling Nest  
  23  2:27  Drone  
  23  2:31  Zergling x2  
  23  2:35  Zergling x2  
  25  2:40  Zergling x2  
  25  2:44  Drone  
  27  2:51  Roach  
  29  3:02  Overlord  
  29  3:03  Roach  
  31  3:14  Roach  
  31  3:17  Drone  
  34  3:20  Drone  
  34  3:24  Drone  
  34  3:26  Lair, Baneling  
  36  3:28  Baneling  
  27  3:49  Roach  
  27  3:57  Extractor  
  27  4:00  Roach  
  27  4:02  Drone  
  29  4:05  Drone  
  29  4:09  Drone  
  31  4:12  Drone, Roach  
  34  4:19  Evolution Chamber  
  34  4:22  Drone  
  34  4:27  Hydralisk Den  
  34  4:30  Evolution Chamber  
  34  4:31  Drone  
  33  4:33  Drone  
  33  4:37  Zergling x2  
  35  4:49  Overlord, Roach  
  37  4:59  Drone  
  37  5:00  Roach  
  39  5:12  Roach  
  41  5:23  Overlord, Hydralisk  
  41  5:26  Drone  
  44  5:30  Drone  
  44  5:33  Drone  
  44  5:34  Hydralisk  
  48  5:36  Drone  
  48  5:39  Drone  
  48  5:42  Drone  
  51  5:45  Drone  
  51  5:46  Hydralisk  
  54  5:51  Overlord  
  54  5:54  Drone  
  54  5:56  Drone  
  56  5:58  Drone  
  56  6:01  Drone  
  56  6:03  Drone  
  58  6:08  Roach  
  58  6:09  Drone  
  59  6:15  Zerg Melee Weapons Level 1  
  59  6:19  Drone  
  59  6:20  Drone  
  59  6:21  Overlord  
  59  6:24  Drone  
  62  6:30  Drone  
  62  6:32  Drone  
  64  6:36  Zerg Ground Armor Level 1  
  64  6:40  Drone  
  64  6:42  Drone  
  64  6:46  Burrow  
  64  6:49  Hydralisk  
  64  6:50  Drone  
  64  6:51  Drone  
  64  6:54  Overlord  
  68  6:56  Drone  
  69  7:02  Zergling x2  
  70  7:14  Overlord, Roach  
  70  7:27  Overseer, Roach  
  70  7:31  Overseer  
  70  7:36  Overlord, Spore Crawler  
  69  7:38  Roach  
  69  7:41  Spore Crawler  
  70  7:44  Drone  
  70  7:45  Spore Crawler  
  70  7:46  Drone  
  70  7:47  Spore Crawler  
  70  7:48  Drone  
  70  7:50  Roach  
  73  7:51  Queen  
  73  7:55  Overlord  
  75  8:00  Queen  
  75  8:01  Roach  
  75  8:05  Infestation Pit  
  78  8:08  Drone  
  78  8:09  Spine Crawler, Zerg Missile Weapons Level 1  
  78  8:10  Drone  
  79  8:13  Roach  
  79  8:15  Spine Crawler  
  79  8:16  Drone  
  79  8:18  Spine Crawler  
  79  8:19  Drone  
  81  8:25  Spine Crawler, Roach  
  81  8:26  Drone  
  83  8:31  Spire  
  82  8:35  Hydralisk  
  82  8:38  Roach  
  84  8:45  Hydralisk  
  85  8:48  Overlord  
  85  8:52  Hatchery  
  85  8:55  Hydralisk  
  84  9:02  Pneumatized Carapace  
  86  9:06  Zergling x2  
  87  9:12  Overseer  
  87  9:23  Extractor  
  86  9:34  Overlord  
  86  9:46  Hive, Drone  
  86  9:48  Drone  
  88  9:58  Overlord  
  88  10:01  Hydralisk  
  88  10:06  Drone  
  91  10:07  Drone  
  91  10:09  Drone  
  91  10:11  Extractor, Drone  
  91  10:13  Drone  
  94  10:14  Drone  
  94  10:15  Zerg Melee Weapons Level 2  
  94  10:16  Extractor, Drone  
  94  10:18  Drone  
  94  10:20  Drone  
  97  10:21  Drone  
  97  10:22  Overlord  
  97  10:23  Drone  
  97  10:25  Drone  
  97  10:27  Drone  
  101  10:28  Drone  
  101  10:30  Drone  
  103  10:36  Zerg Ground Armor Level 2  
  103  10:41  Overlord  
  103  10:42  Overseer  
  103  10:58  Spore Crawler  
  103  11:00  Drone  
  103  11:01  Queen  
  103  11:02  Ultralisk Cavern  
  103  11:03  Drone  
  103  11:04  Overlord  
  105  11:05  Glial Reconstitution  
  105  11:06  Drone, Spore Crawler  
  105  11:07  Zerg Flyer Weapons Level 1  
  105  11:19  Zergling x2  
  105  11:32  Spine Crawler  
  104  11:34  Drone  
  104  11:37  Spine Crawler  
  104  11:39  Drone  
  105  11:49  Ultralisk  
  111  11:59  Ultralisk  
  117  12:08  Ultralisk  
  123  12:18  Ultralisk  
  129  12:31  Zerg Missile Weapons Level 2  
  129  12:38  Infestor  
  129  12:41  Overlord  
  128  12:44  Infestor  
  128  12:51  Infestor  
  130  12:57  Infestor  
  134  13:00  Overlord  
  134  13:03  Infestor, Greater Spire  
  136  13:05  Viper  
  136  13:10  Zergling x2  
  140  13:15  Pathogen Glands, Corruptor  
  140  13:18  Overlord  
  142  13:46  Zerg Melee Weapons Level 3  
  141  14:04  Hatchery  
  140  14:12  Neural Parasite  
  140  14:15  Brood Lord, Zerg Flyer Armor Level 1  
  140  14:16  Corruptor  
  144  14:31  Chitinous Plating  
  144  14:38  Tunneling Claws  
  144  14:44  Overseer  
  144  14:45  Overlord  
  144  14:47  Zerg Ground Armor Level 3  
  144  14:56  Brood Lord  
  144  14:57  Corruptor  
  148  15:19  Drone  
  148  15:20  Drone  
  148  15:21  Queen  
  152  15:24  Extractor  
  152  15:27  Drone  
  152  15:28  Spore Crawler  
  152  15:29  Drone  
  152  15:32  Spore Crawler  
  152  15:33  Drone  
  152  15:35  Extractor, Brood Lord, Drone  
  153  15:36  Corruptor  
  156  15:56  Spine Crawler  
  155  15:58  Drone  
  155  16:00  Spine Crawler  
  155  16:02  Drone  
  156  16:08  Zerg Flyer Weapons Level 2  
  156  16:12  Spire  
  156  16:13  Drone  
  156  16:16  Overlord, Brood Lord, Corruptor  
  160  16:23  Zerg Missile Weapons Level 3  
  160  16:57  Corruptor  
  162  17:04  Corruptor  
  164  17:36  Brood Lord, Corruptor  
  164  17:37  Overlord  
  156  17:47  Zerg Flyer Armor Level 2  
  110  18:25  Zerg Flyer Weapons Level 3  
  109  18:28  Drone  
  108  18:35  Queen  
  108  18:38  Queen  
  104  18:43  Infestor  
  103  18:51  Zergling x2  
  104  19:04  Brood Lord, Corruptor  
  104  19:09  Hatchery  
  107  20:22  Queen, Drone  
  107  20:27  Zerg Flyer Armor Level 3  
  110  20:30  Extractor  
  110  20:32  Roach  
  110  20:33  Spore Crawler  
  110  20:34  Roach  
  111  20:37  Spore Crawler  
  111  20:38  Drone, Roach  
  111  20:39  Extractor  
  111  20:40  Drone  
  111  20:41  Roach  
  111  20:42  Drone  
  106  20:43  Hydralisk  
  106  20:44  Drone  
  106  20:46  Hydralisk  
  107  20:50  Roach  
  107  20:53  Roach  
  107  20:56  Roach  
  105  21:00  Zergling x2  
  105  21:03  Roach  
  94  21:05  Spine Crawler  
  94  21:06  Hydralisk  
  94  21:07  Drone  
  94  21:09  Spine Crawler, Hydralisk  
  94  21:10  Drone  
  94  21:13  Roach  
  94  21:15  Queen  
  94  21:16  Roach  
  90  21:19  Roach  
  90  21:22  Roach  
  90  21:25  Roach  
  88  21:28  Roach  
  88  21:31  Queen, Roach  
  88  21:34  Roach  
  88  21:37  Drone, Hydralisk  
  88  21:39  Hydralisk  
  92  21:43  Hydralisk  
  92  21:44  Overseer  
  92  21:45  Hydralisk  
  90  21:49  Infestor  
  90  21:51  Infestor  
  88  21:55  Roach  
  88  21:58  Roach  
  88  22:00  Queen  
  88  22:01  Roach  
  90  22:03  Queen, Hydralisk  
  90  22:04  Hydralisk  
  90  22:07  Roach  
  92  22:10  Drone, Roach x2, Spore Crawler  
  92  22:13  Roach  
  90  22:16  Queen, Roach  
  90  22:17  Queen, Spine Crawler, Drone  
  90  22:18  Hydralisk  
  90  22:19  Drone  
  90  22:21  Zergling x2  
  97  22:24  Roach  
  97  22:25  Spine Crawler  
  97  22:26  Drone  
  97  22:27  Hydralisk  
  97  22:28  Spore Crawler  
  94  22:30  Roach, Drone  
  94  22:33  Drone, Roach, Spore Crawler  
  94  22:36  Hydralisk  
  99  22:37  Spine Crawler  
  99  22:38  Drone  
  99  22:39  Roach, Spine Crawler  
  99  22:40  Drone  
  99  22:42  Spine Crawler  
  99  22:43  Drone, Roach  
  103  22:45  Spine Crawler  
  103  22:46  Drone, Roach  
  103  22:47  Spore Crawler  
  103  22:48  Roach, Drone  
  103  22:50  Spore Crawler  
  103  22:51  Drone  
  107  22:52  Roach  
  107  22:55  Roach  
  107  22:57  Hydralisk  
  113  23:00  Hydralisk  
  113  23:03  Hydralisk  
  117  23:07  Roach  
  117  23:09  Roach  
  117  23:12  Hydralisk  
  123  23:15  Roach  
  125  23:46  Infestor  
  123  23:49  Overlord  
  123  23:53  Corruptor  
  110  24:00  Corruptor  
  96  24:07  Corruptor  
  94  24:13  Infestor  
  96  24:20  Zergling x2  
  91  24:47  Brood Lord, Corruptor  
  87  24:54  Hatchery, Brood Lord, Corruptor  
  90  25:01  Brood Lord, Corruptor  
  94  25:25  Brood Lord, Corruptor  
  98  25:32  Brood Lord, Corruptor  
  102  25:39  Corruptor  
  102  25:40  Brood Lord  
  106  26:06  Drone  
  106  26:07  Queen  
  109  26:30  Extractor  
  109  26:31  Drone  
  109  26:34  Spore Crawler  
  109  26:36  Drone  
  109  26:37  Spore Crawler  
  109  26:38  Drone  
  109  26:39  Extractor  
  108  26:40  Drone  
  108  26:46  Infestor  
  109  26:58  Drone  
  109  27:00  Drone, Spore Crawler  
  109  27:01  Zergling x2  
  109  27:05  Drone  
  109  27:07  Corruptor, Spore Crawler  
  105  27:08  Queen, Drone  
  105  27:11  Drone  
  105  27:14  Infestor, Drone  
  108  27:17  Roach  
  108  27:20  Drone, Roach  
  108  27:22  Drone  
  110  27:23  Hydralisk  
  110  27:24  Drone  
  110  27:25  Drone  
  110  27:27  Drone, Roach  
  110  27:29  Drone  
  115  27:30  Drone, Roach  
  115  27:31  Overlord, Overseer  
  115  27:32  Drone  
  115  27:33  Hydralisk  
  115  27:36  Drone, Hydralisk  
  112  27:40  Overseer, Roach  
  112  27:42  Roach  
  112  27:43  Drone  
  94  27:45  Roach  
  94  27:46  Drone  
  94  27:47  Drone  
  94  27:48  Roach  
  94  27:49  Drone  
  94  27:51  Drone  
  92  27:52  Zergling x2, Drone  
  92  27:54  Drone  
  92  27:55  Hydralisk  
  92  27:56  Drone  
  92  27:57  Drone  
  92  27:58  Hydralisk  
  82  27:59  Drone  
  82  28:00  Drone  
  82  28:01  Hydralisk  
  82  28:02  Drone  
  82  28:03  Overlord, Overseer  
  82  28:04  Drone  
  82  28:05  Roach  
  91  28:06  Drone  
  91  28:08  Drone, Roach  
  91  28:11  Infestor  
  82  28:15  Mutalisk  
  79  28:21  Overlord  
  79  28:22  Drone  
  79  28:25  Mutalisk  
  74  28:28  Mutalisk  
  74  28:29  Evolution Chamber  
  34  28:59  Overlord  
  34  29:00  Overlord  
  32  29:04  Evolution Chamber  
  20  29:20  Overlord  
  20  29:23  Overlord  
  21  29:38  Drone  
  21  29:40  Hatchery, Drone  
  21  29:41  Overlord, Drone  
  21  29:43  Drone  
  23  29:59  Overlord, Drone  
  24  30:00  Drone  
  24  30:04  Hatchery, Drone  
  25  30:18  Overlord  
  24  30:37  Overlord, Drone  
  24  30:38  Drone  
  24  30:40  Drone  
  27  30:51  Drone  
  27  30:53  Drone  
  27  30:55  Overlord, Drone  
  30  31:15  Extractor  
  29  31:33  Hatchery  
  29  31:35  Spawning Pool  
  29  31:37  Drone  
  28  31:40  Extractor  
  28  31:43  Evolution Chamber  
  28  31:44  Drone  
  28  31:45  Evolution Chamber  
  28  31:46  Drone  
  27  31:48  Drone  
  28  32:00  Hatchery  
  27  32:04  Drone  
  27  32:05  Drone  
  29  32:13  Drone  
  30  32:22  Zergling x2, Queen  
  31  32:23  Lair  
  31  32:24  Zergling x2  
  31  32:26  Spore Crawler  
  31  32:27  Zergling x2, Drone  
  31  32:28  Spore Crawler  
  31  32:29  Zergling x2, Metabolic Boost, Drone  
  36  32:31  Zergling x2  
  36  32:32  Drone, Spore Crawler  
  36  32:34  Zergling x2, Overlord, Roach Warren  
  36  32:36  Zergling x2, Baneling Nest, Drone  
  38  32:39  Zergling x2, Drone  
  38  32:41  Zergling x2, Drone  
  38  32:43  Drone  
  43  32:44  Zergling x2, Drone  
  43  32:47  Drone  
  43  32:49  Queen, Drone  
  43  32:50  Drone  
  50  32:52  Drone  
  50  32:53  Drone  
  50  32:56  Drone  
  50  32:57  Drone  
  54  32:59  Drone  
  54  33:02  Overlord  
  55  33:06  Drone  
  55  33:08  Drone  
  55  33:10  Drone  
  58  33:15  Extractor, Drone  
  58  33:17  Drone  
  58  33:18  Spine Crawler, Drone  
  60  33:20  Spine Crawler, Drone  
  60  33:21  Baneling, Drone  
  60  33:22  Zergling x2, Overseer  
  60  33:23  Overseer x2, Drone  
  60  33:24  Baneling x2, Hydralisk Den, Drone  
  60  33:25  Zergling x2  
  60  33:26  Drone  
  64  33:27  Baneling x2  
  64  33:28  Baneling x2, Centrifical Hooks, Zergling x2  
  64  33:30  Zergling x2  
  64  33:32  Baneling  
  64  33:34  Drone  
  67  33:35  Overlord, Drone  
  67  33:40  Infestation Pit  
  66  33:45  Spore Crawler  
  61  33:48  Spire  
  61  33:52  Spore Crawler  
  56  33:55  Overlord, Hydralisk  
  56  33:58  Drone  
  56  33:59  Drone  
  56  34:01  Hydralisk, Drone  
  62  34:03  Drone  
  62  34:04  Drone  
  62  34:05  Drone  
  62  34:07  Drone, Hydralisk  
  67  34:11  Drone  
  67  34:13  Queen, Overlord, Drone, Hydralisk  
  67  34:14  Drone  
  67  34:16  Drone  
  68  34:17  Spine Crawler  
  68  34:18  Drone  
  68  34:19  Infestor, Drone, Spine Crawler  
  68  34:21  Drone  
  68  34:22  Drone  
  70  34:24  Hydralisk, Drone  
  70  34:25  Drone  
  70  34:27  Drone  
  70  34:30  Hydralisk  
  74  34:38  Drone  
  68  34:42  Hydralisk  
  65  34:46  Drone  
  65  34:50  Drone  
  65  34:51  Drone  
  67  34:56  Drone  
  67  34:59  Hydralisk, Drone  
  68  35:00  Drone  
  68  35:02  Drone  
  68  35:03  Drone  
  68  35:06  Queen, Drone  
  70  35:08  Drone  
  70  35:10  Drone, Roach  
  71  35:14  Roach  
  71  35:20  Hydralisk  
  64  35:23  Hydralisk  
  64  35:25  Hatchery  
  58  35:29  Lair  
  58  35:31  Roach  
  58  35:33  Drone  
  58  35:35  Roach, Drone  
  52  35:38  Hydralisk  
  52  35:42  Hatchery  
  46  35:43  Drone  
  13  36:31  Overlord  
  13  36:33  Drone  
  14  36:41  Overseer, Drone  
  14  36:42  Drone  
Show
View Real Time Build Order
Export as new Build Order

IA (Difícil) Protoss 

Build Orders:  

Get SALT Encoding   

  12  0:01  Probe  
  13  0:13  Probe  
  14  0:22  Pylon  
  14  0:25  Probe  
  15  0:36  Probe  
  16  0:44  Probe  
  16  0:48  Assimilator  
  17  0:53  Gateway, Probe  
  18  1:01  Probe  
  18  1:02  Pylon  
  19  1:23  Probe  
  20  1:40  Zealot  
  20  1:42  Cybernetics Core  
  20  1:45  Gateway  
  22  1:49  Assimilator  
  22  1:58  Zealot  
  22  2:05  Pylon  
  24  2:24  Stalker  
  24  2:28  Warp Gate  
  26  2:34  Adept  
  28  2:54  Stalker  
  28  2:58  Zealot  
  30  3:05  Pylon  
  30  3:23  Probe  
  30  3:24  Zealot  
  26  3:32  Zealot  
  26  3:35  Probe  
  21  3:47  Probe  
  20  3:50  Zealot  
  20  3:59  Stalker, Probe  
  19  4:11  Probe  
  19  4:23  Probe  
  17  4:32  Zealot  
  17  4:35  Probe  
  17  4:47  Probe  
  13  4:59  Probe  
  6  5:10  Probe  
  6  5:18  Probe  
  6  5:26  Probe  
  7  5:38  Probe  
  8  5:50  Probe  
  9  6:02  Probe  
Show
View Real Time Build Order
Export as new Build Order

IA (Difícil) Protoss 

Build Orders:  

Get SALT Encoding   

  12  0:01  Probe  
  13  0:13  Probe  
  14  0:22  Pylon  
  14  0:25  Probe  
  15  0:36  Probe  
  16  0:44  Probe  
  17  0:50  Assimilator  
  17  0:53  Probe  
  17  0:54  Gateway  
  18  1:01  Probe  
  18  1:02  Pylon  
  19  1:23  Probe  
  20  1:41  Zealot  
  20  1:44  Cybernetics Core  
  20  1:47  Gateway  
  22  1:49  Assimilator  
  22  2:05  Pylon  
  22  2:18  Adept  
  22  2:20  Warp Gate  
  24  2:33  Stalker  
  26  2:48  Adept  
  26  2:50  Pylon  
  28  2:54  Probe  
  28  2:57  Zealot  
  26  3:18  Stalker  
  27  3:20  Probe, Zealot  
  29  3:33  Probe  
  28  3:46  Adept  
  30  3:54  Adept  
  26  4:24  Zealot  
  26  4:35  Adept  
  28  4:47  Stalker  
  28  4:58  Stalker  
  30  5:03  Pylon  
  30  5:05  Probe  
  31  5:10  Adept  
  33  5:17  Probe  
  33  5:21  Adept  
  35  5:28  Forge  
  35  5:29  Probe  
  35  5:33  Adept  
  38  5:41  Probe  
  39  5:45  Zealot  
  41  5:53  Protoss Ground Weapons Level 1, Probe  
  42  6:03  Gateway  
  42  6:05  Probe  
  42  6:06  Stalker  
  45  6:15  Adept  
  47  6:25  Nexus  
  47  6:27  Sentry  
  49  6:42  Pylon  
  49  6:44  Sentry  
  51  6:53  Stalker  
  53  7:03  Stalker  
  55  7:12  Stalker  
  55  7:13  Robotics Facility  
  57  7:32  Pylon  
  57  7:37  Twilight Council  
  56  7:50  Probe  
  57  7:51  Protoss Ground Armor Level 1  
  57  7:53  Probe  
  58  8:02  Probe, Observer  
  60  8:06  Probe  
  61  8:14  Probe  
  61  8:17  Photon Cannon, Probe  
  63  8:24  Observer  
  63  8:25  Probe  
  63  8:26  Probe  
  65  8:30  Photon Cannon  
  60  8:35  Sentry  
  60  8:38  Probe x2  
  56  8:44  Sentry  
  58  8:50  Probe  
  58  8:54  Sentry  
  51  8:57  Probe  
  51  9:03  Probe  
  51  9:04  Stalker  
  51  9:09  Probe  
  55  9:14  Stalker  
  55  9:15  Probe  
  58  9:19  Pylon  
  58  9:21  Probe  
  58  9:23  Zealot  
  61  9:27  Probe  
  62  9:32  Sentry  
  62  9:33  Probe  
  62  9:35  Pylon  
  65  9:39  Probe  
  65  9:42  Stalker, Pylon  
  68  9:49  Stargate  
  68  9:51  Stalker  
  70  9:53  Twilight Council  
  70  9:56  Forge  
  70  10:01  Stalker  
  70  10:04  Photon Cannon  
  72  10:14  Photon Cannon  
  70  10:22  Immortal, Blink  
  70  10:23  Gateway  
  68  10:29  Robotics Facility  
  54  10:50  Assimilator  
  54  10:51  Nexus  
  54  11:02  Stargate  
  54  11:03  Warp Prism  
  56  11:11  Warp Prism  
  58  11:26  Zealot  
  60  11:37  Stalker  
  60  11:39  Observer  
  63  11:41  Assimilator, Warp Prism  
  63  11:48  Stalker  
  67  11:58  Stalker  
  69  12:09  Sentry  
  71  12:16  Assimilator, Immortal  
  71  12:20  Assimilator  
  75  12:26  Probe  
  75  12:28  Probe  
  77  12:30  Probe  
  78  12:38  Robotics Bay  
  78  12:40  Fleet Beacon  
  78  12:49  Probe  
  78  12:50  Probe  
  79  12:55  Probe  
  79  12:57  Protoss Ground Armor Level 2, Protoss Ground Weapons Level 2  
  81  13:00  Probe  
  81  13:02  Probe  
  83  13:07  Probe  
  84  13:12  Probe  
  84  13:14  Probe  
  86  13:20  Probe  
  86  13:23  Tempest  
  86  13:26  Pylon  
  86  13:27  Colossus, Probe  
  93  13:28  Probe  
  93  13:32  Probe  
  101  13:39  Probe  
  101  13:41  Probe x2  
  103  13:48  Gravitic Boosters  
  104  13:55  Pylon  
  104  14:04  Pylon  
  104  14:06  Pylon  
  104  14:13  Protoss Air Weapons Level 1  
  104  14:25  Templar Archives  
  104  14:27  Zealot  
  104  14:28  Photon Cannon  
  106  14:33  Adept, Photon Cannon  
  98  14:39  Zealot  
  98  14:45  Gravitic Drive, Zealot  
  92  14:51  Stalker  
  84  14:57  Sentry  
  84  15:03  Stalker  
  84  15:04  Observer x2  
  82  15:09  Zealot  
  79  15:25  Immortal, Protoss Shields Level 1  
  79  15:27  High Templar  
  85  15:33  Stalker  
  87  15:39  Zealot  
  89  15:45  Stalker  
  91  15:53  Immortal  
  95  15:59  Stalker  
  95  16:01  Tempest  
  97  16:05  Immortal  
  101  16:14  Nexus  
  101  16:17  Protoss Air Armor Level 1, High Templar  
  108  16:23  Adept  
  110  16:27  Pylon  
  110  16:29  Stalker  
  110  16:32  Colossus, Psionic Storm  
  112  16:35  Stalker  
  120  16:48  Zealot  
  122  16:54  Sentry  
  122  17:00  Adept  
  126  17:06  Archon  
  126  17:30  Assimilator  
  126  17:34  Pylon  
  126  17:37  Pylon  
  126  17:39  Stalker  
  126  17:40  Assimilator  
  114  17:50  Zealot  
  108  17:57  Zealot  
  102  17:59  Photon Cannon  
  102  18:03  Sentry, Photon Cannon  
  104  18:06  Colossus  
  104  18:09  Adept  
  106  18:15  Zealot  
  108  18:20  Stalker  
  108  18:26  High Templar  
  112  18:30  Stalker  
  108  18:35  Sentry  
  108  18:39  Adept  
  83  18:53  Sentry  
  91  18:58  Zealot  
  97  19:07  Stalker  
  85  19:13  Pylon  
  79  19:17  Pylon  
  79  19:20  Stalker  
  79  19:26  Stalker  
  63  19:41  Stalker  
  63  19:50  Probe  
  61  20:02  Pylon  
  61  20:06  Gateway  
  58  20:25  Pylon  
  49  20:41  Probe  
  33  20:46  Assimilator  
  33  20:49  Probe  
  23  20:50  Forge  
  23  20:53  Pylon  
  20  20:58  Probe  
  20  21:00  Zealot  
  23  21:11  Probe  
Show
View Real Time Build Order
Export as new Build Order

IA (Difícil) Zerg 

Build Orders: Hatch First 

Get SALT Encoding   

  12  0:01  Drone  
  13  0:12  Overlord  
  13  0:17  Drone  
  14  0:30  Drone  
  14  0:32  Drone  
  14  0:34  Drone  
  17  0:54  Hatchery  
  17  0:56  Drone  
  17  1:11  Spawning Pool  
  17  1:13  Drone  
  17  1:17  Drone  
  18  1:21  Extractor  
  18  1:22  Drone  
  18  1:29  Overlord  
  18  1:38  Drone  
  19  2:00  Zergling x4, Queen  
  23  2:03  Roach Warren  
  23  2:05  Drone  
  23  2:07  Extractor  
  22  2:10  Drone  
  23  2:22  Baneling Nest  
  23  2:25  Drone  
  23  2:29  Zergling x2  
  24  2:33  Zergling x2  
  25  2:38  Zergling x2  
  25  2:41  Drone  
  27  2:56  Lair  
  24  3:15  Baneling x2, Extractor  
  24  3:19  Extractor, Drone  
  23  3:22  Drone  
  23  3:26  Zergling x2  
  23  3:36  Zergling x2, Drone  
  23  3:39  Zergling x2  
  24  3:42  Drone  
  24  3:46  Zergling x2  
  25  3:50  Zergling x2  
  26  3:56  Zergling x2  
  26  4:00  Zergling x2  
  27  4:05  Zergling x2  
  27  4:08  Zergling x2  
  27  4:12  Zergling x2  
  27  4:15  Drone  
  27  4:18  Zergling x2  
  27  4:22  Zergling x2  
  27  4:27  Zergling x2  
  27  4:31  Zergling x2  
  27  4:33  Drone, Spire  
  27  4:35  Zergling x2  
  27  4:39  Zergling x2  
  27  4:43  Zergling x2  
  27  4:47  Zergling x2  
  27  4:50  Roach  
  29  4:54  Zergling x2  
  29  4:58  Zergling x2  
  30  5:01  Zergling x2  
  30  5:05  Zergling x2  
  29  5:09  Zergling x2  
  29  5:13  Zergling x2  
  29  5:15  Drone  
  29  5:20  Zergling x2  
  29  5:24  Zergling x2  
  29  5:27  Zergling x2  
  30  5:31  Zergling x2  
  30  5:35  Zergling x2  
  27  5:39  Zergling x2  
  28  5:45  Roach  
  28  5:48  Zergling x2  
  30  5:53  Overlord  
  30  5:57  Baneling  
  30  6:02  Mutalisk  
  32  6:13  Drone  
  32  6:15  Drone  
  34  6:19  Drone  
  34  6:22  Drone  
  34  6:23  Mutalisk  
  38  6:29  Overlord  
  38  6:32  Drone  
  39  6:36  Drone  
  39  6:40  Baneling  
  39  6:41  Drone  
  39  6:46  Drone  
  41  6:51  Evolution Chamber  
  41  6:53  Drone  
  41  7:00  Baneling  
  41  7:01  Evolution Chamber  
  41  7:03  Drone  
  41  7:10  Mutalisk  
  43  7:18  Mutalisk  
  43  7:20  Drone  
  46  7:27  Overlord  
  46  7:29  Baneling  
  46  7:33  Drone  
  46  7:35  Zergling x2  
  46  7:43  Zergling x2  
  42  7:52  Drone  
  42  7:53  Zergling x2, Drone  
  42  7:55  Drone  
  46  7:59  Drone  
  46  8:01  Zergling x2  
  46  8:02  Drone  
  50  8:05  Drone  
  50  8:09  Drone  
  50  8:11  Baneling  
  51  8:14  Drone  
  51  8:17  Drone  
  52  8:20  Zergling x2  
  52  8:24  Overlord  
  52  8:25  Drone  
  55  8:27  Drone  
  55  8:29  Drone  
  55  8:32  Drone  
  57  8:36  Zergling x2  
  57  8:40  Drone  
  58  8:42  Metabolic Boost  
  58  8:46  Drone  
  59  8:49  Zerg Melee Weapons Level 1  
  59  8:50  Drone  
  59  8:56  Zergling x2, Overlord  
  59  8:57  Drone  
  58  9:03  Drone  
  58  9:05  Zergling x2  
  60  9:11  Overseer, Mutalisk  
  60  9:13  Overseer  
  60  9:19  Roach  
  60  9:21  Overlord  
  62  9:28  Roach  
  62  9:31  Infestation Pit  
  63  9:36  Roach  
  64  9:47  Overseer  
  64  9:49  Pneumatized Carapace  
  63  9:54  Zergling x2  
  63  9:55  Spore Crawler  
  63  9:58  Spore Crawler  
  62  10:02  Overlord, Roach  
  64  10:09  Roach  
  64  10:10  Hatchery  
  65  10:16  Roach  
  67  10:23  Infestor  
  69  10:28  Overlord  
  69  10:30  Infestor  
  69  10:34  Drone, Hive  
  72  10:36  Drone  
  72  10:37  Drone  
  72  10:39  Drone  
  78  10:44  Zerg Ground Armor Level 1  
  78  10:45  Infestor  
  78  10:48  Overlord  
  80  10:52  Infestor  
  80  10:53  Zerg Missile Weapons Level 1  
  82  11:00  Swarm Host  
  82  11:02  Burrow  
  85  11:24  Drone  
  86  11:26  Drone  
  86  11:27  Drone  
  86  11:29  Drone  
  86  11:31  Drone  
  86  11:32  Drone  
  90  11:34  Drone  
  90  11:35  Drone  
  90  11:37  Drone  
  90  11:38  Drone  
  90  11:39  Extractor  
  93  11:40  Overlord, Drone  
  93  11:42  Drone  
  93  11:43  Drone  
  93  11:45  Drone  
  96  11:48  Viper, Drone  
  96  11:53  Viper  
  100  11:57  Extractor  
  100  12:00  Drone  
  103  12:05  Pathogen Glands  
  103  12:12  Zergling x2  
  103  12:13  Glial Reconstitution, Spore Crawler  
  103  12:14  Drone  
  103  12:16  Spore Crawler  
  103  12:18  Drone  
  103  12:19  Spore Crawler  
  103  12:20  Drone  
  103  12:22  Zerg Flyer Weapons Level 1  
  100  12:23  Drone  
  100  12:24  Spine Crawler  
  100  12:25  Drone  
  100  12:26  Drone  
  100  12:27  Spine Crawler  
  100  12:28  Drone  
  100  12:30  Drone, Spore Crawler  
  100  12:31  Drone  
  100  12:33  Drone  
  102  12:37  Drone  
  102  12:38  Zergling x2, Zerg Melee Weapons Level 2  
  102  12:43  Spine Crawler  
  96  12:45  Infestor  
  96  12:46  Zerg Ground Armor Level 2, Drone  
  96  12:50  Spine Crawler  
  94  12:51  Queen  
  94  12:54  Roach  
  94  12:56  Drone  
  95  13:01  Roach  
  95  13:04  Spine Crawler  
  94  13:07  Drone  
  94  13:08  Roach  
  94  13:09  Spine Crawler  
  96  13:16  Corruptor  
  98  13:29  Overseer  
  98  13:31  Overlord  
  94  13:52  Zergling x2  
  94  13:55  Drone  
  95  13:59  Corruptor  
  95  14:00  Overlord  
  95  14:06  Corruptor  
  95  14:13  Infestor  
  95  14:18  Greater Spire  
  93  14:46  Queen  
  93  14:51  Queen  
  97  14:54  Zerg Missile Weapons Level 2  
  97  15:02  Zerg Melee Weapons Level 3  
  95  15:37  Brood Lord x2  
  95  15:38  Corruptor  
  95  15:40  Zerg Flyer Armor Level 1  
  101  15:45  Corruptor  
  103  16:01  Brood Lord, Corruptor  
  104  16:13  Brood Lord  
  106  16:21  Zergling x2  
  106  16:27  Hatchery  
  106  16:29  Brood Lord, Corruptor  
  109  16:36  Corruptor  
  111  16:44  Overlord  
  111  16:48  Ultralisk Cavern  
  111  16:52  Hydralisk Den  
  109  17:02  Overlord  
  109  17:10  Zerg Ground Armor Level 3  
  109  17:22  Overlord, Hydralisk  
  111  17:28  Hydralisk  
  113  17:36  Ultralisk, Zerg Flyer Armor Level 2  
  119  17:39  Zerg Missile Weapons Level 3  
  119  17:41  Overlord  
  119  17:42  Ultralisk  
  119  17:43  Queen, Chitinous Plating, Drone  
  128  17:45  Extractor, Drone  
  128  17:48  Hydralisk, Spore Crawler  
  128  17:50  Drone  
  130  17:51  Spore Crawler  
  130  17:52  Drone  
  130  17:53  Extractor  
  130  17:54  Drone  
  130  17:55  Hydralisk  
  130  17:57  Drone, Spore Crawler  
  132  17:59  Drone  
  132  18:00  Overlord  
  132  18:01  Drone  
  132  18:02  Hydralisk  
  136  18:09  Ultralisk  
  142  18:16  Ultralisk  
  142  18:17  Spine Crawler  
  142  18:19  Overlord, Spine Crawler  
  146  18:20  Drone  
  146  18:22  Ultralisk  
  146  18:23  Drone  
  143  18:29  Ultralisk  
  143  18:30  Overseer  
  143  18:35  Infestor  
  143  18:36  Overseer  
  131  18:42  Hydralisk  
  125  18:49  Overseer  
  125  19:02  Spire  
  124  19:04  Drone  
  125  19:52  Zerg Flyer Weapons Level 2  
  125  20:14  Zerg Flyer Armor Level 3  
  125  20:18  Roach  
  125  20:19  Overlord  
  127  20:21  Roach  
  127  20:25  Roach  
  127  20:27  Tunneling Claws  
  127  20:28  Roach  
  133  20:31  Roach  
  133  20:34  Roach  
  136  20:36  Hatchery  
  136  20:37  Roach  
  136  20:38  Overlord  
  136  20:40  Roach  
  137  20:43  Roach  
  137  20:46  Zergling x2  
  137  20:49  Roach  
  132  20:52  Roach  
  132  20:55  Roach  
  136  20:58  Overlord  
  136  20:59  Roach  
  136  21:02  Roach  
  140  21:05  Roach  
  140  21:07  Infestor  
  146  21:11  Roach  
  146  21:13  Hydralisk  
  146  21:17  Hydralisk  
  146  21:18  Overlord  
  144  21:20  Hydralisk  
  144  21:23  Infestor  
  148  21:49  Hydralisk  
  148  21:51  Queen, Drone  
  148  21:53  Extractor  
  144  21:54  Drone  
  144  21:56  Spore Crawler  
  144  21:58  Drone, Spore Crawler  
  144  21:59  Drone  
  145  22:01  Extractor  
  145  22:02  Overseer, Drone  
  145  22:04  Overseer  
  145  22:07  Overlord, Overseer  
  139  22:10  Zerg Flyer Weapons Level 3  
  137  22:15  Zergling x2  
  137  22:18  Hydralisk  
  137  22:21  Hydralisk  
  129  22:23  Spine Crawler  
  129  22:24  Hydralisk  
  129  22:25  Drone  
  129  22:26  Spine Crawler  
  129  22:27  Hydralisk  
  129  22:28  Drone  
  129  22:30  Hydralisk  
  125  23:31  Corruptor  
  127  23:34  Overlord  
  127  23:39  Corruptor  
  129  23:45  Corruptor  
  130  23:53  Zergling x2  
  109  23:59  Infestor  
  89  24:05  Infestor  
  83  24:10  Queen  
  83  24:14  Brood Lord, Corruptor  
  87  24:20  Corruptor  
  87  24:21  Brood Lord  
  91  24:27  Brood Lord, Corruptor  
  95  24:37  Zergling x2  
  95  24:46  Infestor  
  95  24:54  Hatchery  
  95  24:55  Drone  
  95  25:05  Brood Lord, Corruptor  
  99  25:12  Brood Lord, Corruptor  
  103  25:19  Brood Lord, Corruptor  
  107  26:07  Queen  
  109  26:18  Extractor  
  108  26:19  Drone  
  108  26:22  Spore Crawler  
  108  26:24  Drone  
  109  26:27  Extractor  
  109  26:31  Hatchery  
  107  26:38  Spore Crawler  
  106  26:41  Drone  
  106  26:43  Drone  
  106  26:44  Drone  
  109  26:58  Ultralisk  
  109  26:59  Overlord  
  115  27:04  Hydralisk  
  115  27:11  Queen  
  115  27:12  Ultralisk  
  119  27:17  Spine Crawler  
  119  27:18  Overlord  
  119  27:19  Spine Crawler  
  119  27:20  Ultralisk  
  123  27:26  Hydralisk  
  121  27:34  Hydralisk  
  119  27:41  Ultralisk  
  125  27:44  Drone  
  125  27:45  Queen  
  125  27:46  Drone  
  125  27:49  Ultralisk  
  135  27:56  Ultralisk  
  141  27:59  Extractor  
  141  28:01  Drone  
  141  28:03  Hydralisk, Spore Crawler  
  141  28:04  Drone  
  143  28:07  Spore Crawler  
  143  28:08  Drone  
  143  28:10  Hydralisk  
  143  28:11  Extractor  
  144  28:13  Drone  
  144  28:17  Hydralisk  
  147  28:32  Spine Crawler  
  147  28:34  Drone  
  147  28:35  Spine Crawler  
  147  28:37  Drone  
  147  28:47  Zergling x2  
  139  29:18  Infestor  
  139  29:21  Overseer  
  127  29:48  Drone  
  127  29:49  Spore Crawler  
  127  29:51  Queen, Drone  
  127  29:52  Drone  
  126  29:54  Drone  
  126  29:55  Zergling x2  
  126  29:56  Drone  
  127  30:00  Spore Crawler  
  127  30:01  Overlord  
  127  30:02  Drone  
  127  30:03  Drone  
  127  30:04  Ultralisk  
  127  30:05  Drone  
  119  30:11  Hydralisk  
  119  30:12  Overseer  
  119  30:14  Overseer  
  87  30:16  Spore Crawler  
  87  30:19  Ultralisk, Drone  
  87  30:20  Overlord  
  89  30:21  Drone  
  89  30:22  Zergling x2  
  89  30:23  Drone  
  89  30:24  Drone  
  89  30:26  Queen, Roach, Drone  
  89  30:27  Drone  
  91  30:29  Drone  
  91  30:30  Zergling x2, Drone  
  91  30:31  Hatchery  
  91  30:33  Queen, Drone  
  91  30:34  Queen, Roach  
  94  30:36  Extractor  
  94  30:37  Zergling x2  
  94  30:38  Drone  
  94  30:39  Overlord  
  94  30:40  Drone  
  94  30:41  Roach  
  92  30:43  Hydralisk  
  92  30:44  Evolution Chamber  
  92  30:45  Overseer  
  92  30:47  Ultralisk  
  92  30:49  Hydralisk  
  83  30:51  Overseer  
  83  30:52  Overseer, Spire  
  83  30:55  Hydralisk  
  80  30:58  Overlord, Hydralisk  
  80  31:01  Ultralisk  
  80  31:03  Overseer  
  68  31:13  Ultralisk  
  68  31:17  Overlord  
  68  31:18  Spawning Pool  
  58  31:21  Overlord x2  
  54  31:28  Overlord  
  47  31:39  Drone  
  39  31:41  Drone  
  39  31:43  Drone  
  39  31:44  Drone  
  39  31:46  Drone  
  37  31:48  Drone  
  37  31:49  Overlord  
  37  31:50  Drone  
  39  31:58  Evolution Chamber  
  32  32:06  Drone  
  32  32:07  Drone  
  32  32:08  Overlord  
  30  32:09  Drone  
  30  32:10  Drone  
  30  32:12  Drone  
  30  32:13  Drone  
  33  32:23  Drone  
  33  32:25  Drone  
  33  32:26  Drone  
  33  32:27  Overlord  
  33  32:28  Drone  
  33  32:29  Hatchery, Drone  
  32  32:34  Drone  
  32  32:39  Hatchery, Drone  
  32  32:41  Drone  
  30  32:47  Spawning Pool  
  30  32:48  Drone  
    33:42  Drone  
  1  33:51  Drone  
  2  34:01  Extractor  
  2  34:02  Drone  
  2  34:13  Drone  
  3  34:23  Overlord  
  3  34:28  Evolution Chamber  
  2  34:35  Drone  
  3  34:45  Overlord  
  3  34:56  Hatchery, Drone  
  3  35:06  Drone  
  4  35:19  Hatchery  
  3  35:27  Overlord  
  3  35:28  Drone  
  4  35:42  Hatchery  
  4  35:49  Drone  
  4  36:00  Drone  
  5  36:08  Overlord  
  5  36:10  Drone  
  5  36:11  Hatchery  
  5  36:12  Drone  
  6  36:24  Drone  
  7  36:29  Drone  
  7  36:31  Drone  
  10  36:32  Drone  
  10  36:39  Hatchery  
  9  36:40  Drone  
  9  36:42  Drone  
  11  36:50  Drone  
  11  36:52  Drone  
  12  36:57  Hatchery  
  12  36:59  Spawning Pool  
  10  37:06  Evolution Chamber  
  9  37:15  Drone  
  10  37:19  Drone  
  11  37:26  Drone  
  11  37:27  Drone  
  13  37:33  Drone  
  13  37:35  Drone  
  13  37:36  Drone  
  16  37:38  Drone  
  16  37:39  Drone  
  16  37:43  Drone  
  19  37:47  Queen  
  19  37:48  Zergling x2, Drone  
  19  37:50  Drone x2  
  23  37:51  Drone  
  23  37:52  Spore Crawler  
  23  37:55  Drone, Spore Crawler  
  23  37:56  Drone  
  25  37:59  Zergling x2  
  25  38:05  Roach Warren  
  19  38:16  Zergling x2, Drone  
  16  38:44  Drone  
  12  39:01  Hatchery  
  9  39:04  Drone  
    40:13  Drone  
  1  40:24  Drone  
  2  40:34  Drone  
  3  40:45  Overlord  
  3  40:50  Hatchery  
  3  40:56  Drone  
  3  40:59  Hatchery  
  2  41:05  Hatchery  
  2  41:07  Drone  
  2  41:32  Drone  
  3  42:06  Drone  
  3  42:18  Drone  
  3  42:24  Drone  
  3  42:29  Drone  
  1  43:06  Drone  
Tags
 
Add a new tag
Caveats
  • Supply blocks, unpowered buildings, or Contaminate may cause inaccurate times.
  • Supply counts are checked every 10 seconds.